Map: Whitewater Line LE

Players

Carol - Winner!

  • Race: Protoss Protoss
  • Spawn Location: 6:00

iHaxGGnoRE - Winner!

  • Race: Terran Terran
  • League: Master
  • Spawn Location: 7:00

EmPirE - Winner!

  • Race: Zerg Zerg
  • League: Master
  • Spawn Location: 7:00

Autechre

  • Race: Terran Terran
  • Spawn Location: 1:00

PiPuxD

  • Race: Terran Terran
  • League: Gold
  • Spawn Location: 1:00

MattBarry

  • Race: Zerg Zerg
  • League: Gold
  • Spawn Location: 12:00

VOD

Have the link to the VOD?

Description

Time

  • Played on: Feb. 15, 2023, 3:48 a.m.
  • Length: 10:31
Show
View Real Time Build Order
Export as new Build Order

Carol Protoss - Winner!

Build Orders: Blink Stalkers 

Get SALT Encoding   

  12  0:00  Probe  
  13  0:12  Probe  
  14  0:19  Pylon  
  14  0:24  Probe  
  15  0:37  Gateway  
  15  0:40  Probe (Chrono Boost)  
  16  0:49  Probe (Chrono Boost)  
  17  0:57  Gateway  
  17  1:04  Probe  
  17  1:08  Assimilator  
  18  1:14  Assimilator  
  18  1:19  Probe  
  19  1:30  Cybernetics Core  
  19  1:31  Probe  
  20  1:43  Probe  
  21  1:47  Pylon  
  21  1:55  Probe  
  22  2:07  Adept x2 (Chrono Boost), Probe  
  27  2:15  Warp Gate  
  27  2:19  Probe  
  27  2:31  Twilight Council  
  27  2:53  Probe  
  28  3:05  Stalker, Nexus  
  30  3:07  Pylon  
  30  3:15  Blink (Chrono Boost)  
  30  3:25  Stalker  
  32  3:36  Robotics Facility  
  32  3:41  Pylon  
  32  3:46  Probe  
  33  4:08  Probe  
  33  4:09  Stalker x2  
  38  4:20  Probe  
  38  4:21  Probe  
  40  4:24  Observer  
  41  4:32  Probe  
  41  4:33  Probe  
  41  4:41  Stalker x2  
  41  4:44  Probe  
  44  4:45  Probe  
  45  4:57  Probe x2  
  45  5:05  Stalker x2  
  49  5:09  Probe  
  49  5:10  Probe  
  49  5:11  Warp Prism (Chrono Boost)  
  53  5:20  Pylon  
  53  5:21  Probe  
  54  5:22  Probe  
  55  5:31  Stalker x2  
  60  5:43  Observer  
  60  5:52  Probe x2  
  62  5:59  Gateway  
  62  6:01  Gateway  
  62  6:04  Probe  
  62  6:05  Nexus  
  61  6:12  Probe  
  61  6:14  Dark Shrine  
  60  6:21  Stalker  
  60  6:22  Stalker  
  60  6:24  Probe x2  
  66  6:30  Assimilator  
  66  6:31  Assimilator  
  66  6:34  Pylon  
  66  6:36  Probe  
  67  6:43  Observer  
  67  6:44  Probe  
  69  6:48  Probe  
  69  6:52  Pylon  
  70  6:55  Stalker x2  
  70  6:57  Stalker  
  70  6:58  Probe  
  70  7:00  Probe  
  78  7:03  Forge  
  78  7:21  Probe  
  79  7:23  Gateway, Probe x2  
  79  7:25  Gateway  
  81  7:36  Probe  
  82  7:37  Photon Cannon, Dark Templar  
  82  7:38  Dark Templar x3  
  82  7:40  Protoss Ground Weapons Level 1 (Chrono Boost), Probe  
  82  7:41  Probe  
  92  7:49  Probe  
  93  8:06  Probe x3  
  93  8:09  Gateway  
  93  8:11  Photon Cannon, Assimilator  
  96  8:14  Gateway  
  96  8:15  Assimilator  
  96  8:18  Pylon, Dark Templar  
  96  8:19  Dark Templar  
  100  8:21  Pylon  
  98  8:29  Dark Templar  
  100  8:36  Probe x2  
  100  8:38  Probe  
  101  8:41  Dark Templar  
  101  8:47  Dark Templar  
  101  8:48  Probe  
  102  8:59  Dark Templar  
  104  9:07  Dark Templar  
  104  9:20  Probe x2  
  104  9:21  Probe  
  107  9:24  Pylon  
  107  9:26  Pylon  
  107  9:28  Pylon  
  107  9:29  Pylon  
  107  9:32  Stalker x2, Probe  
  107  9:33  Stalker x2, Probe  
  117  9:43  Pylon  
  117  9:45  Pylon  
  117  9:47  Pylon  
  117  9:48  Pylon, Stalker x3  
  117  9:49  Stalker  
  125  10:04  Stalker x4  
  133  10:09  Stalker  
  133  10:10  Stalker x3  
Show
View Real Time Build Order
Export as new Build Order

iHaxGGnoRE Terran - Winner!

Build Orders: Reaper Expand 

Get SALT Encoding   

  12  0:00  SCV  
  13  0:12  SCV  
  14  0:18  Supply Depot  
  14  0:25  SCV  
  15  0:39  SCV  
  15  0:42  Barracks  
  16  0:45  Refinery  
  16  0:52  SCV  
  17  1:06  SCV  
  18  1:18  SCV  
  19  1:31  Orbital Command  
  19  1:32  Reaper  
  20  1:42  Command Center  
  20  1:55  Barracks  
  20  1:57  SCV  
  21  2:03  Refinery  
  21  2:06  Marine  
  22  2:14  SCV  
  23  2:25  Supply Depot  
  23  2:30  Barracks Tech Lab, Factory  
  23  2:47  SCV  
  23  2:48  Barracks Reactor  
  24  3:00  Marine  
  24  3:02  Supply Depot, SCV, Stimpack  
  24  3:05  Orbital Command  
  26  3:14  SCV  
  26  3:18  Marine  
  28  3:26  Starport  
  28  3:27  Factory Reactor  
  28  3:32  SCV  
  29  3:35  Marine x2  
  29  3:36  Marine  
  29  3:39  SCV  
  33  3:50  SCV  
  33  3:53  Marine x3  
  33  3:55  SCV  
  38  4:07  SCV  
  39  4:11  Marine x3  
  39  4:14  Factory Tech Lab  
  39  4:15  Medivac x2  
  46  4:20  SCV  
  47  4:25  Supply Depot  
  47  4:28  Marine  
  47  4:29  Marine x2  
  50  4:33  SCV  
  50  4:34  SCV  
  53  4:45  SCV  
  53  4:46  Marine x2, SCV  
  54  5:00  Medivac x2  
  54  5:01  SCV  
  54  5:02  Command Center  
  54  5:05  Engineering Bay  
  54  5:06  SCV  
  60  5:10  Engineering Bay  
  60  5:14  SCV  
  61  5:16  Marine  
  61  5:19  Combat Shield  
  62  5:27  Barracks  
  62  5:33  Barracks  
  62  5:39  Terran Infantry Armor Level 1, Terran Infantry Weapons Level 1  
  62  6:02  Supply Depot  
  62  6:03  Supply Depot, SCV  
  62  6:05  Marine  
  62  6:06  Supply Depot, Marine, SCV  
  62  6:07  Marine  
  62  6:08  Supply Depot  
  56  6:15  Orbital Command  
  56  6:18  SCV, Barracks Reactor  
  57  6:19  Barracks Reactor  
  57  6:22  Marine  
  57  6:24  Marine x2  
  60  6:28  SCV  
  60  6:31  Barracks, SCV  
  62  6:33  Supply Depot  
  62  6:35  Barracks  
  62  6:36  Barracks  
  62  6:40  SCV x2  
  62  6:42  Armory  
  62  6:44  SCV  
  62  6:46  Marine x3  
  68  6:52  SCV  
  68  6:53  Barracks, SCV  
  70  6:56  Supply Depot, SCV  
  70  6:57  Marine x3  
  74  7:02  Siege Tank  
  74  7:04  Marine, Medivac  
  74  7:06  SCV  
  81  7:11  SCV  
  81  7:14  Marine x3  
  81  7:15  Marine  
  86  7:17  Sensor Tower  
  86  7:25  Factory  
  86  7:34  Marine  
  86  7:35  Barracks Tech Lab x2  
  87  7:37  Marine x3  
  87  7:38  SCV x3  
  87  7:40  Refinery  
  87  7:41  Refinery  
  93  7:50  SCV x2  
  95  8:01  Marine x3  
  95  8:02  Marine x3, Marauder x3  
  107  8:06  Refinery  
  107  8:07  Barracks Tech Lab, Refinery  
  107  8:20  Marine x4  
  107  8:22  Barracks Tech Lab  
  107  8:23  Marauder x3, Command Center  
  117  8:28  Marine  
  117  8:29  Marine, Marauder  
  121  8:37  Marine  
  121  8:38  Marine x3  
  121  8:41  SCV  
  126  8:42  SCV x2  
  126  8:44  Marauder  
  126  8:45  Marauder x2  
  126  8:46  Supply Depot, Marine x2  
  136  8:50  Marine  
  137  8:55  Marine  
  138  9:07  Marine x5  
  138  9:08  Marine, Marauder x3  
  123  9:27  Marine x5, Marauder  
  123  9:28  Marine, Marauder  
  123  9:29  Marine, Marauder x2  
  135  9:40  Orbital Command  
  135  9:43  Factory Tech Lab  
  135  9:45  Marine  
  136  9:47  Marine x4, Marauder  
  136  9:49  Marauder x2  
  136  9:50  Marauder  
  148  10:01  Supply Depot  
  148  10:06  Supply Depot, Marine x2, Marauder  
  152  10:09  Marauder  
  152  10:11  SCV  
  152  10:12  Supply Depot  
  152  10:13  SCV  
  156  10:14  Supply Depot  
Show
View Real Time Build Order
Export as new Build Order

EmPirE Zerg - Winner!

Build Orders: Pool First 

Get SALT Encoding   

  12  0:01  Drone  
  13  0:12  Drone  
  14  0:18  Overlord  
  14  0:37  Drone  
  14  0:38  Drone x2  
  17  0:51  Drone  
  18  1:01  Drone  
  19  1:05  Extractor  
  18  1:16  Spawning Pool  
  17  1:19  Drone  
  17  1:24  Hatchery, Drone  
  18  1:34  Drone  
  19  1:43  Drone  
  20  2:00  Overlord  
  20  2:04  Metabolic Boost  
  20  2:07  Zergling x2  
  21  2:18  Queen  
  23  2:24  Zergling x2  
  23  2:29  Zergling x2  
  25  2:36  Queen  
  27  2:37  Zergling x2  
  27  2:38  Zergling x2  
  29  2:47  Zergling x2  
  30  2:55  Zergling x2  
  31  3:02  Zergling x4  
  33  3:11  Overlord  
  33  3:13  Drone  
  34  3:20  Zergling x4  
  36  3:32  Zergling x4  
  37  3:49  Zergling x16  
  41  3:57  Drone x2  
  43  4:07  Overlord  
  43  4:14  Drone  
  44  4:22  Overlord  
  44  4:23  Overlord  
  44  4:24  Queen  
  44  4:25  Drone x2  
  44  4:26  Hatchery, Drone  
  44  4:31  Drone  
  49  4:32  Drone  
  49  4:41  Drone x2  
  49  4:42  Drone  
  49  4:50  Zergling x2  
  46  5:01  Drone x5  
  46  5:02  Drone  
  51  5:16  Drone x3  
  46  5:31  Zergling x6  
  46  5:34  Lair  
  49  5:37  Extractor  
  49  5:42  Drone x5  
  53  5:43  Drone x2  
  53  5:47  Zergling x2  
  53  5:49  Evolution Chamber x2  
  54  5:58  Baneling Nest, Overlord  
  54  5:59  Overlord  
  54  6:02  Zergling x6, Extractor x2  
  54  6:15  Zergling x10  
  54  6:16  Zergling x2  
  54  6:17  Zerg Melee Weapons Level 1  
  60  6:19  Zerg Ground Armor Level 1  
  60  6:21  Drone  
  61  6:28  Overlord x2  
  62  6:32  Drone  
  62  6:33  Drone  
  63  6:44  Baneling x4, Centrifugal Hooks  
  63  6:51  Drone  
  63  6:53  Drone  
  63  6:54  Drone x5  
  70  7:03  Spire  
  70  7:07  Zergling x6  
  72  7:18  Extractor  
  72  7:21  Drone  
  72  7:22  Drone x7  
  79  7:29  Drone x3  
  79  7:31  Drone x2  
  79  7:32  Drone  
  82  7:49  Zergling x2  
  82  7:50  Zergling x6, Drone x2  
  82  7:51  Drone x3  
  91  7:54  Overlord  
  91  7:55  Overlord  
  91  8:03  Zergling x12  
  97  8:07  Overlord  
  97  8:08  Overlord  
  97  8:17  Baneling x2  
  97  8:18  Baneling x6  
  97  8:33  Mutalisk x4  
  97  8:34  Mutalisk x5  
  99  8:35  Mutalisk  
  99  8:39  Extractor  
  116  8:50  Mutalisk, Zergling x2  
  116  8:51  Zergling x10  
  116  8:55  Hatchery  
  123  9:04  Zergling x6, Drone x3  
  123  9:05  Zergling x6  
  132  9:15  Mutalisk x2  
  136  9:18  Zergling x2  
  120  9:40  Mutalisk x2  
  120  9:41  Mutalisk x4  
  120  9:42  Zergling x8  
  134  9:55  Mutalisk  
  134  9:56  Zergling x2  
  134  9:59  Overlord x3  
  137  10:00  Overlord  
  137  10:08  Drone x3  
Show
View Real Time Build Order
Export as new Build Order

Autechre Terran 

Build Orders: Gas First Reaper Expand 

Get SALT Encoding   

  12  0:01  SCV  
  13  0:16  SCV  
  13  0:19  Supply Depot  
  14  0:28  SCV  
  14  0:35  Refinery  
  15  0:41  Barracks  
  15  0:46  SCV  
  16  0:58  SCV  
  17  1:04  Supply Depot  
  17  1:10  SCV  
  18  1:22  SCV  
  19  1:44  Orbital Command  
  19  1:45  Reaper  
  20  2:09  Command Center  
  20  2:17  Reaper  
  20  2:21  Factory  
  21  2:32  Barracks  
  21  2:42  SCV  
  23  3:03  Barracks Tech Lab  
  23  3:05  Factory Tech Lab  
  22  3:12  Refinery  
  22  3:13  Supply Depot  
  22  3:17  Starport  
  22  3:19  SCV  
  23  3:23  Supply Depot  
  23  3:27  Barracks Reactor  
  23  3:40  Orbital Command  
  23  3:53  Marine  
  22  4:04  Liberator  
  25  4:10  Marine x2  
  25  4:11  Marine  
  28  4:19  SCV x2  
  30  4:29  Marine  
  34  4:31  SCV  
  32  4:41  Marine x2, Hellion  
  30  4:46  Marine  
  30  4:50  Supply Depot  
  31  4:53  Liberator  
  31  4:59  Marine x2  
  36  5:04  Marine  
  33  5:08  SCV  
  33  5:17  Marine x2  
  33  5:18  Stimpack  
  35  5:22  Marine  
  36  5:34  Marine, Engineering Bay  
  36  5:35  Marine  
  38  5:36  Engineering Bay  
  38  5:40  Marine  
  38  5:41  Siege Tank  
  38  5:42  SCV  
  43  5:44  Starport Reactor  
  43  5:48  SCV  
  44  5:52  Marine x2  
  46  5:58  Marine  
  47  6:10  Marine x2  
  49  6:19  SCV x2  
  49  6:20  Siege Tank  
  49  6:22  Marauder  
  56  6:34  SCV x2  
  58  6:40  Refinery  
  58  6:42  Refinery  
  58  6:44  Marauder  
  58  6:45  Terran Infantry Weapons Level 1  
  60  6:50  Terran Infantry Armor Level 1  
  60  6:56  Medivac  
  60  6:58  SCV  
  60  7:00  SCV  
  64  7:10  Combat Shield  
  64  7:27  Command Center  
  64  7:31  SCV x2  
  64  7:33  Marine, Marauder  
  64  7:35  Marine  
  70  7:44  Armory  
  70  7:50  Barracks  
  70  7:57  Barracks  
  70  8:03  Factory  
  70  8:08  Supply Depot  
  70  8:09  SCV  
  57  8:31  SCV  
  57  8:32  SCV  
  52  8:43  SCV  
  52  8:47  Missile Turret  
  50  9:14  Missile Turret  
  50  9:23  SCV  
  43  9:26  SCV  
  43  9:27  SCV  
Show
View Real Time Build Order
Export as new Build Order

PiPuxD Terran 

Build Orders: 2 Factory, Hellion Banshee, Mech 

Get SALT Encoding   

  12  0:00  SCV  
  13  0:12  SCV  
  14  0:18  Supply Depot  
  14  0:24  SCV  
  15  0:33  Refinery  
  15  0:39  SCV  
  16  0:45  Barracks  
  16  0:51  SCV  
  17  1:03  SCV  
  18  1:15  SCV  
  19  1:31  Orbital Command  
  20  1:32  Reaper  
  20  1:45  Command Center  
  20  1:50  Refinery  
  20  1:57  SCV  
  21  2:05  Barracks Reactor  
  21  2:07  Supply Depot  
  21  2:11  SCV  
  22  2:20  Factory  
  22  2:30  SCV  
  23  2:41  Marine x2  
  23  2:42  SCV  
  26  2:56  SCV  
  27  2:59  Marine  
  27  3:04  Starport  
  28  3:13  SCV  
  29  3:21  Factory  
  29  3:25  Hellion x2  
  32  3:27  SCV  
  32  3:29  Barracks Tech Lab, Orbital Command  
  33  3:44  SCV  
  33  3:47  Hellion x2  
  37  4:04  SCV x2  
  37  4:08  Hellion x2  
  43  4:10  Factory Tech Lab  
  43  4:16  SCV x2  
  45  4:18  Barracks Tech Lab  
  45  4:27  Supply Depot  
  45  4:28  SCV  
  45  4:29  Supply Depot  
  46  4:40  Infernal Pre-Igniter  
  46  4:45  SCV  
  46  4:46  Siege Tank  
  46  4:47  Banshee  
  46  4:51  Hellion x2  
  44  5:04  SCV x2  
  44  5:18  Hellion  
  44  5:19  Hellion  
  39  5:31  SCV x2  
  41  5:37  Siege Tank  
  41  5:38  Banshee  
  41  5:41  Cloaking Field  
  47  5:43  SCV  
  47  5:45  SCV  
  49  5:54  Armory  
  41  6:27  Hellion x2, Siege Tank  
  46  6:33  Viking  
  45  6:42  SCV x2  
  47  6:48  Factory  
  47  6:49  Hellion x2  
  51  6:54  SCV x2  
  51  6:58  Terran Vehicle Weapons Level 1  
  53  7:06  SCV x2  
  55  7:11  Supply Depot  
  55  7:12  Supply Depot  
  55  7:14  Supply Depot  
  55  7:18  SCV x2  
  55  7:35  SCV x2  
  57  7:42  Thor, Hellion x2  
  67  7:44  Factory Tech Lab  
  67  7:54  Engineering Bay  
  67  7:55  SCV x2  
  69  7:59  Refinery x2  
  69  8:05  Hellion x2  
  73  8:07  SCV x2  
  57  8:43  Hellion x2  
  52  8:51  Hellion x2  
  52  8:55  Siege Tank  
  57  8:56  Siege Tank  
Show
View Real Time Build Order
Export as new Build Order

MattBarry Zerg 

Build Orders: Pool First 

Get SALT Encoding   

  12  0:01  Drone  
  13  0:19  Overlord  
  13  0:26  Drone  
  14  0:42  Drone x2  
  16  0:46  Spawning Pool  
  16  0:49  Extractor  
  14  0:50  Drone  
  15  1:34  Zergling x4  
  15  1:35  Zergling x2, Queen  
  20  2:02  Metabolic Boost  
  20  2:12  Zergling x2, Hatchery  
  20  2:13  Zergling x2  
  21  2:22  Overlord  
  20  2:58  Zergling x2  
  20  2:59  Zergling x10  
  23  3:32  Spine Crawler  
  23  3:33  Queen  
  23  3:34  Zergling x6  
  23  3:35  Zergling x2  
  23  3:36  Zergling x4  
  27  3:52  Zergling x2  
  27  3:53  Zergling x4  
  29  4:03  Zergling x4  
  31  4:13  Zergling x6  
  31  4:14  Zergling x2  
  32  4:37  Drone x3  
  35  4:38  Spine Crawler  
  33  4:55  Drone x3  
  27  5:06  Drone x3  
  30  5:23  Drone x5  
  35  5:56  Overlord  
  33  6:15  Spawning Pool  
  32  6:22  Overlord x3  
  32  6:23  Overlord  
  32  6:40  Drone  
  32  6:41  Drone  
  32  6:42  Drone x3  
  32  6:43  Drone x2  
  39  6:53  Drone x3  
  39  6:54  Drone  
  43  6:59  Drone  
  41  7:28  Zergling x8  
  41  7:29  Queen  
  26  8:04  Hatchery  
  25  8:06  Zergling x2  
  19  8:54  Hatchery  
Tags
 
Add a new tag
Caveats
  • Supply blocks, unpowered buildings, or Contaminate may cause inaccurate times.
  • Supply counts are checked every 10 seconds.